 Dungeon Sprint DCSS version 0.26-a0-818-g75db068ed4 (webtiles) character file.

Game seed: 94910153518712128

12693 sahdkjhfkaj the Black Belt (level 12, 0/160 HPs)
             Began as a Human Monk on Nov 14, 2020.
             Was a High Priest of Zin.
             Slain by a tentacled monstrosity (8 damage)
             ... summoned by Mnoleg
             ... in the Dungeon (Sprint VII: "The Pits").
             The game lasted 00:11:41 (4092 turns).

sahdkjhfkaj the Black Belt (Human Monk)             Turns: 4092, Time: 00:11:41

Health: 0/160      AC: 20    Str: 15    XL:     12   Next: 23%
Magic:  21/21      EV:  6    Int: 11    God:    Zin [*****.]
Gold:   50         SH:  0    Dex: 17    Spells: 11/11 levels left

rFire    + + .     SeeInvis .     - Unarmed
rCold    + + .     Faith    .   (no shield)
rNeg     . . .     Spirit   .   o - +3 plate armour
rPois    +         Reflect  .   (no helmet)
rElec    +         Harm     .   (no cloak)
rCorr    +         Rampage  .   (no gloves)
MR       .....     NoTele   +   n - +0 pair of boots
Stlth    ..........             (no amulet)
HPRegen  0.36/turn              w - ring of protection from fire
MPRegen  0.17/turn              u - ring of protection from cold

@: mighty, berserking, resistant, hasted, constricted, very quick
A: no striking features
a: Recite, Vitalisation, Imprison, Sanctuary, Donate Gold, Renounce Religion


You were in the Dungeon.
You worshipped Zin.
Zin was extremely pleased with you.
You visited 1 branch You collected 55 gold pieces.
You donated 5 gold pieces to Zin.

Inventory:

Armour
 n - a +0 pair of boots (worn)
 o - a +3 plate armour (worn)
Jewellery
 u - a ring of protection from cold (right hand)
 w - a ring of protection from fire (left hand)
Scrolls
 h - 5 scrolls of remove curse {!r}
 i - 5 scrolls of amnesia {!r}
 j - 4 scrolls of enchant weapon {!r}
 p - 2 scrolls of enchant armour {!r}
 q - a scroll of fog {!r}
 s - 2 scrolls of fear {!r}
 t - a scroll of identify {!r}
 v - a scroll of magic mapping {!r}
Potions
 b - 6 potions of curing {!q}
 c - 13 potions of heal wounds {!q}
 d - 3 potions of haste {!q}
 e - 4 potions of magic {!q}
 f - 3 potions of berserk rage {!q}
 l - a potion of resistance {!q}
 m - a potion of brilliance {!q}
 r - 3 potions of might {!q}
Miscellaneous
 x - a tin of tremorstones (2/2)


   Skills:
 - Level 14.0 Fighting
 - Level 13.0 Armour
 - Level 8.0 Dodging
 - Level 6.0 Stealth
 - Level 16.0 Unarmed Combat
 - Level 12.0 Invocations
 + Level 6.9 Evocations


You had 11 spell levels left.
You didn't know any spells.
Your spell library was empty.

Dungeon Overview and Level Annotations

Branches:
Dungeon (1/1)

Altars:
Ashenzari
Cheibriados
Dithmenos
Elyvilon
Fedhas
Gozag
Hepliaklqana
Kikubaaqudgha
Makhleb
Nemelex Xobeh
Okawaru
Qazlal
Ru
Sif Muna
Trog
Uskayaw
Vehumet
Wu Jian
Xom
Yredelemnul
Zin
The Shining One
Beogh
Jiyva
Lugonu

Annotations:
D Mnoleg


Message History

* * * LOW HITPOINT WARNING * * *
* * * LOW HITPOINT WARNING * * *
The tentacled monstrosity constricts you!
You completely miss Mnoleg.
Mnoleg is lightly wounded.
Mnoleg gestures.
The large abomination hits you!!! Zin protects you from harm!
Press: ? - help, v - describe, . - travel
Here: Mnoleg (lightly wounded)
The floor.
Unknown command.
Unknown command.
You barely miss Mnoleg.
Mnoleg is lightly wounded.
You closely miss Mnoleg.
Mnoleg is lightly wounded.
The tentacled monstrosity tentacle-slaps you but does no damage. x2
The tentacled monstrosity barely misses you.
You die...

#..# #..# +########## #..#
......##..# #..# ......##..# #..#
......''..# #..#
......''..##########..#
......##........X&.)..#
......##.......X@XX...#
'######################
'############## #################
.....#...'....###...##....##.....
...###...###...#...##......##....
..##.'...'.##.....####....####...
.##..##'##[.##...##..##..##..##..
.#..##...##).'...#............#..
.#..#.....#..#...#))..#..#....##'


You could see Mnoleg, a tentacled monstrosity (summoned, strong) and 3 large
abominations.

Vanquished Creatures
  A boulder beetle (D)
  An orc high priest (D)
  A large abomination (D)
  A sixfirhy (D)
  A bog body (D)
  An ugly thing (D)
  2 deep elf magi (D)
  A manticore (D)
  A guardian serpent (D)
  A cane toad (D)
  A gargoyle (D)
  A smoke demon (D)
  2 demonic crawlers (D)
  An efreet (D)
  A troll (D)
  A hornet (D)
  3 polar bears (D)
  A snapping turtle (D)
  Sigmund (D)
  An air elemental (D)
  A redback (D)
  4 yaks (D)
  A tarantella (D)
  2 small abominations (D)
  2 steam dragons (D)
  A neqoxec (D)
  A fire elemental (D)
  3 vampire mosquitoes (D)
  A soldier ant (D)
  2 floating eyes (D)
  A swamp drake (D)
  An orc warrior (D)
  An eye of draining (D)
  A black bear (D)
  4 wolves (D)
  A gnoll sergeant (D)
  2 crimson imps (D)
  An orc priest (D)
  A gnoll shaman (D)
  An iguana (D)
  7 gnolls (D)
  2 river rats (D)
  An ooze (D)
  An adder skeleton (D)
  An adder simulacrum (D)
  7 orcs (D)
  3 goblins (D)
  A quokka (D)
  2 bats (D)
  A frilled lizard (D)
  2 kobolds (D)
  A quokka zombie (D)
  4 rats (D)
89 creatures vanquished.

Vanquished Creatures (collateral kills)
  Harold (D)
  A boulder beetle (D)
  An alligator (D)
  A troll (D)
4 creatures vanquished.

Grand Total: 93 creatures vanquished

Notes
Turn   | Place    | Note
-------+----------+-------------------------------------------
     0 | D        | sahdkjhfkaj the Human Monk began the quest for the Orb.
     0 | D        | Reached XP level 1. HP: 18/18 MP: 1/1
    11 | D        | Noticed a floating eye
    15 | D        | Paralysed by a floating eye for 4 turns
    22 | D        | Killed a floating eye
    22 | D        | Reached skill level 5 in Fighting
    22 | D        | Reached skill level 5 in Dodging
    22 | D        | Reached skill level 5 in Unarmed Combat
    22 | D        | Reached XP level 2. HP: 27/27 MP: 2/2
    22 | D        | Reached XP level 3. HP: 33/33 MP: 3/3
    22 | D        | Reached XP level 4. HP: 39/39 MP: 4/4
    22 | D        | Reached XP level 5. HP: 44/44 MP: 5/5
    26 | D        | Found a bloodstained altar of Trog.
    26 | D        | Found a shimmering blue altar of Sif Muna.
    26 | D        | Found a viscous altar of Jiyva.
    26 | D        | Found a hazy altar of Hepliaklqana.
    26 | D        | Found an opulent altar of Gozag.
    27 | D        | Found a glowing golden altar of the Shining One.
    27 | D        | Found a glowing silver altar of Zin.
    27 | D        | Found a basalt altar of Yredelemnul.
    27 | D        | Found a shimmering altar of Xom.
    27 | D        | Found an ornate altar of the Wu Jian Council.
    27 | D        | Found a sacrificial altar of Ru.
    27 | D        | Found a stormy altar of Qazlal.
    27 | D        | Found an iron altar of Okawaru.
    27 | D        | Found a sparkling altar of Nemelex Xobeh.
    27 | D        | Found a burning altar of Makhleb.
    27 | D        | Found a blossoming altar of Fedhas.
    27 | D        | Found a white marble altar of Elyvilon.
    27 | D        | Found a shadowy altar of Dithmenos.
    27 | D        | Found a snail-covered altar of Cheibriados.
    28 | D        | Found a radiant altar of Vehumet.
    28 | D        | Found a corrupted altar of Lugonu.
    28 | D        | Found a roughly hewn altar of Beogh.
    29 | D        | Found a hide-covered altar of Uskayaw.
    29 | D        | Found an ancient bone altar of Kikubaaqudgha.
    29 | D        | Found a broken altar of Ashenzari.
    31 | D        | Became a worshipper of the Shining One
    31 | D        | Reached * piety under the Shining One
    31 | D        | Reached ** piety under the Shining One
    69 | D        | Noticed a floating eye
    76 | D        | Killed a floating eye
    76 | D        | Reached skill level 5 in Armour
    76 | D        | Reached skill level 6 in Unarmed Combat
    76 | D        | Reached XP level 6. HP: 53/53 MP: 6/6
    81 | D        | Reached *** piety under the Shining One
   107 | D        | Reached skill level 7 in Unarmed Combat
   513 | D        | Noticed Sigmund
   523 | D        | Reached skill level 8 in Unarmed Combat
   531 | D        | Killed Sigmund
   531 | D        | Reached skill level 10 in Unarmed Combat
   531 | D        | Reached XP level 7. HP: 60/60 MP: 6/9
   577 | D        | Reached **** piety under the Shining One
   600 | D        | Reached ***** piety under the Shining One
   600 | D        | Reached skill level 5 in Invocations
   614 | D        | Noticed a soldier ant
   614 | D        | Noticed an orc high priest
   614 | D        | Noticed a troll
   615 | D        | Noticed a rust devil
   622 | D        | Killed an orc high priest
   622 | D        | Reached skill level 10 in Invocations
   622 | D        | Reached XP level 8. HP: 42/68 MP: 6/15
   622 | D        | Killed a troll
   622 | D        | Reached XP level 9. HP: 48/74 MP: 7/16
   630 | D        | Reached skill level 11 in Unarmed Combat
  1076 | D        | Noticed a polar bear
  1088 | D        | Killed a polar bear
  1202 | D        | Reached ****** piety under the Shining One
  1204 | D        | Noticed an alligator
  1213 | D        | Killed an alligator
  1213 | D        | Reached skill level 10 in Fighting
  1213 | D        | Reached skill level 12 in Unarmed Combat
  1309 | D        | Upgraded the game from 0.26-a0-812-g31a745ddcd to
                  | 0.26-a0-818-g75db068ed4
  1309 | D        | Noticed a smoke demon
  1318 | D        | Reached XP level 10. HP: 83/86 MP: 11/17
  1318 | D        | Killed a smoke demon
  1319 | D        | Reached skill level 13 in Unarmed Combat
  1351 | D        | Noticed a demonic crawler
  1358 | D        | Killed a demonic crawler
  1416 | D        | Noticed a boulder beetle
  1419 | D        | Noticed Harold
  1427 | D        | Reached skill level 10 in Armour
  1433 | D        | Killed a boulder beetle
  1434 | D        | Reached skill level 5 in Stealth
  1439 | D        | Killed Harold
  1724 | D        | Noticed a gargoyle
  1729 | D        | Killed a gargoyle
  1802 | D        | Reached XP level 11. HP: 57/93 MP: 20/20
  1810 | D        | Reached skill level 14 in Unarmed Combat
  2109 | D        | Noticed a deep elf mage
  2110 | D        | Noticed a deep elf mage
  2115 | D        | Noticed a sixfirhy
  2116 | D        | Killed a deep elf mage
  2116 | D        | Noticed a manticore
  2122 | D        | Killed a deep elf mage
  2123 | D        | Reached skill level 15 in Unarmed Combat
  2438 | D        | Killed a manticore
  2631 | D        | Noticed a sixfirhy
  2637 | D        | Killed a sixfirhy
  2784 | D        | Noticed a bog body
  2790 | D        | Killed a bog body
  3319 | D        | Noticed a large abomination
  3321 | D        | Noticed a boulder beetle
  3334 | D        | Killed a large abomination
  3335 | D        | Reached XP level 12. HP: 50/106 MP: 21/21
  3604 | D        | Killed a boulder beetle
  3605 | D        | Reached skill level 5 in Evocations
  3959 | D        | Reached skill level 16 in Unarmed Combat
  3985 | D        | Noticed Mnoleg
  4046 | D        | Fell from the grace of the Shining One
  4046 | D        | Became a worshipper of Zin the Law-Giver
  4046 | D        | Reached * piety under Zin
  4046 | D        | Reached ** piety under Zin
  4046 | D        | Reached *** piety under Zin
  4046 | D        | Reached **** piety under Zin
  4046 | D        | Reached ***** piety under Zin
  4084 | D        | Noticed a tentacled monstrosity
  4089 | D        | HP: 8/160 [tentacled monstrosity[Mnoleg] (9)]
  4090 | D        | Zin protects you from harm!
  4092 | D        | Slain by a tentacled monstrosity

Illustrated notes

Levels and vault maps discovered:
D:        pitsprint [storerooms_1, entrance_room_1, metal_vault_6, armoury_1,
          mini_pit_1, grid_room_1, main_hall_1, silver_pit, the_coven_3,
          the_vestibule_1, steel_vault_5, golden_pit, hallway_of_sentries,
          crystal_vault_6, iron_vault_2, final_vault]

Skill      XL: |  1  2  3  4  5  6  7  8  9 10 11 12 |
---------------+-------------------------------------+-----
Fighting       | 5 6 7 8 10 11 13 14 | 14.0
Armour         | 4 5 6 7 9 11 13 | 13.0
Dodging        | 5 6 7 8 |  8.0
Unarmed Combat | 5 6 10 12 13 15 16 | 16.0
Invocations    | 3 10 12 | 12.0
Stealth        | 6 |  6.0
Evocations     | 4 6 |  6.9

Action                   |  1- 3 |  4- 6 |  7- 9 | 10-12 || total
-------------------------+-------+-------+-------+-------++-------
Melee: Unarmed           |     6 |    41 |    52 |   180 ||   279
       Punch             |       |     1 |     1 |    15 ||    17
Invok: Cleansing Flame   |       |       |     4 |    13 ||    17
       Summon Divine War |       |       |     1 |     1 ||     2
       Divine Shield     |       |       |       |     1 ||     1
  Use: Potion            |       |     2 |     2 |     8 ||    12
       Scroll            |       |     1 |       |     3 ||     4
Armor: Robe              |       |     3 |       |       ||     3
       Chain mail        |       |     9 |    17 |       ||    26
       Plate armour      |       |       |    41 |   125 ||   166
Dodge: Dodged            |       |    26 |    38 |    81 ||   145
Block: Other             |       |       |       |     8 ||     8

Table legend: (Time is in decaauts)
 A = Elapsed time spent in this place.
 B = Non-inter-level travel time spent in this place.
 C = Inter-level travel time spent in this place.
 D = Time resting spent in this place.
 E = Time spent auto-exploring this place.
 F = Levels seen in this place.
 G = Mean time per level.
                   A        B        C        D        E       F      G
               +--------+--------+--------+--------+--------+-----+--------+
         Total |   4065 |   3856 |    209 |   2947 |      0 |   1 | 4065.0 |
       Dungeon |   4065 |   3856 |    209 |   2947 |      0 |   1 | 4065.0 |
               +--------+--------+--------+--------+--------+-----+--------+

Top non-repeatable levels by time:
       D: 4065 daAuts
